 Dungeon Crawl Stone Soup version 0.31-a0-222-gefeffbb62a (webtiles) character file.

Game seed: 10015112009876007069

93 qw the Shooter (level 4, -2/36 HPs)
             Began as a Minotaur Hexslinger on July 5, 2023.
             Slain by a gnoll
             ... wielding a +0 whip
              (7 damage)
             ... on level 2 of the Dungeon.
             The game lasted 00:00:23 (658 turns).

qw the Shooter (Minotaur Hexslinger)                 Turns: 658, Time: 00:00:23

Health: -2/36      AC:  2    Str: 12    XL:     4   Next: 37%
Magic:  4/4        EV: 12    Int: 10    God:
Gold:   35         SH:  0    Dex: 15    Spells: 4/5 levels left

rFire   . . .        a - +1 sling
rCold   . . .        (no shield)
rNeg    . . .        c - +0 robe
rPois   .            (helmet restricted)
rElec   .            (no cloak)
rCorr   .            (no gloves)
SInv    .            (no boots)
Will    .....        (no amulet)
Stlth   +            (no ring)
HPRegen 0.26/turn    (no ring)
MPRegen 0.09/turn

%: no passive effects
@: no status effects
A: horns 2, retaliatory headbutt
a: no special abilities


You were on level 2 of the Dungeon.
You visited 1 branch of the dungeon, and saw 2 of its levels.

You collected 35 gold pieces.


Innate Abilities, Weirdness & Mutations

You have a pair of horns on your head.
You reflexively headbutt those who attack you in melee.


   Skills:
 - Level 2.0 Fighting
 + Level 4.9 Ranged Weapons
 - Level 2.1 Dodging
 - Level 1.0 Spellcasting
 - Level 2.0 Hexes


You had 4 spell levels left.
You knew the following spells:

 Your Spells              Type           Power      Damage    Failure   Level
a - Slow                  Hex            16%        N/A       16%         1

Your spell library contained the following spells:

 Spells                   Type           Power      Damage    Failure   Level
 Inner Flame              Hex/Fire       2%         N/A       56%         3
 Portal Projectile        Hex/Tloc       4%         N/A       56%         3
 Cause Fear               Hex            2%         N/A       83%         4

Inventory:

Hand Weapons
 a - a +1 sling (weapon)
Armour
 c - a +0 robe (worn)
 e - a +0 pair of gloves
 h - a +0 ring mail
Jewellery
 g - a ring of magical power
Scrolls
 b - a scroll of poison
 d - a scroll of fog {unknown}
 f - a scroll of enchant weapon {unknown}

Dungeon Overview and Level Annotations

Branches:
Dungeon (1/15)

Altars:

Shops:
D:2 :


Message History

The gnoll is severely wounded.
A gnoll comes into view. It is wielding a +0 whip.
The gnoll closely misses you. You furiously retaliate!
You headbutt the gnoll.
You kill the gnoll!
You have reached level 4!
You feel agile.
647 ||| Stepping ~*~*~tactically~*~*~ (outnumbered).
The bat closely misses you.
You shoot a sling bullet. The sling bullet barely misses the bat.
The bat closely misses you. You furiously retaliate!
You headbutt the bat.
You kill the bat!
You shoot a sling bullet. The sling bullet hits the gnoll.
The gnoll is moderately wounded.
The gnoll hits you from afar with a +0 spear!
You shoot a sling bullet. The sling bullet hits the gnoll.
The gnoll is severely wounded.
The gnoll hits you from afar with a +0 spear.
You shoot a sling bullet. The sling bullet hits the gnoll.
You kill the gnoll!
You shoot a sling bullet.
The sling bullet hits the gnoll but does no damage.
The gnoll closely misses you.
You shoot a sling bullet. The sling bullet hits the gnoll!
The gnoll is heavily wounded.
The gnoll misses you.
You shoot a sling bullet. The sling bullet hits the gnoll.
The gnoll is severely wounded.
The gnoll closely misses you.
You shoot a sling bullet. The sling bullet hits the gnoll.
The gnoll is almost dead.
The gnoll hits you from afar with a +0 spear.
You shoot a sling bullet.
The sling bullet hits the gnoll but does no damage.
The gnoll is almost dead.
The gnoll hits you from afar with a +0 spear.
You shoot a sling bullet. The sling bullet hits the gnoll.
You kill the gnoll!
You shoot a sling bullet.
The sling bullet barely misses the gnoll.
The gnoll hits you with a +0 whip!
You die...

#................#
#......(.........#
.
######.....#.....#
..
#####.###.#.....#
g..
#.........#.....#
....
#.####.####.....#
..... #.# #.#
##.####
......###.# #.#
#.# ......)g@.#
#.# #.#
......##### #.# #.
$.... #.# #### #..
###


You could see a gnoll.

Vanquished Creatures
  3 gnolls (D:2)
  3 adders (D:2)
  2 bats
  3 endoplasms
  2 giant cockroaches (D:2)
  2 goblins
  5 hobgoblins
  3 kobolds (D:1)
  2 quokkas (D:1)
  7 ball pythons
  2 frilled lizards
  3 rats (D:1)
37 creatures vanquished.

Notes
Turn   | Place    | Note
-------+----------+-------------------------------------------
     0 | D:1      | qw the Minotaur Hexslinger began the quest for the Orb.
     0 | D:1      | Reached XP level 1. HP: 16/16 MP: 1/1
     0 | D:1      | 0 ||| qw: Version: 0.3-a-46-gb1f654a
     0 | D:1      | 0 ||| qw: Game counter: 1025
     0 | D:1      | 0 ||| qw: Melee chars always use a shield: true
     0 | D:1      | 0 ||| qw: God list: Okawaru
     0 | D:1      | 0 ||| qw: Allow faded altars: false
     0 | D:1      | 0 ||| qw: Do Orc after clearing Dungeon:15 true
     0 | D:1      | 0 ||| qw: Do second Lair branch before Depths: true
     0 | D:1      | 0 ||| qw: Lair rune preference: random
     0 | D:1      | 0 ||| qw: Goals: Normal
     0 | D:1      | 0 ||| PLANNING D:1-11
   111 | D:1      | Reached skill level 3 in Ranged Weapons
   219 | D:1      | Reached XP level 2. HP: 23/23 MP: 2/2
   325 | D:1      | You fall into a shaft and drop 1 floor!
   344 | D:2      | Reached XP level 3. HP: 29/29 MP: 3/3
   480 | D:2      | Reached skill level 4 in Ranged Weapons
   513 | D:2      | Found Pytwamugoydgh's Vocational Training.
   647 | D:2      | Reached XP level 4. HP: 19/36 MP: 4/4
   647 | D:2      | 647 ||| Stepping ~*~*~tactically~*~*~ (outnumbered).
   655 | D:2      | HP: 8/36 [gnoll/+0 spear (4)]
   658 | D:2      | Slain by a gnoll

Levels and vault maps discovered:
D:1:      saegor_arrival_miasma, layout_rooms
D:2:      layout_basic, nicolae_shop_vocational

Skill      XL: |  1  2  3 |
---------------+----------+-----
Ranged Weapons | 3 4 |  4.9
Fighting       | 2 |  2.0
Dodging        | |  2.1
Spellcasting   | |  1.0
Hexes          | |  2.0

Action                     |  1- 3 |  4- 6 || total
---------------------------+-------+-------++-------
   Fire: Sling             |   107 |    11 ||   118
 Armour: Robe              |     7 |       ||     7
  Dodge: Dodged            |    18 |     5 ||    23

Table legend:
 A = Non-vault XP
 B = Vault XP
 C = Vault XP percentage of total XP
 D = Non-vault monster count
 E = Vault monster count
 F = Vault count percentage of total count
                 A         B        C        D         E       F
            +---------+---------+-------+---------+---------+-------
      Total |     134 |       0 |   0.0 |      37 |       0 |   0.0
            +---------+---------+-------+---------+---------+-------
        D:1 |      31 |       0 |   0.0 |      19 |       0 |   0.0
        D:2 |     103 |       0 |   0.0 |      18 |       0 |   0.0
            +---------+---------+-------+---------+---------+-------
